Map: Catalyst LE

Players

SamuraiFunn - Winner!

  • Race: Protoss Protoss
  • League: Platinum
  • Spawn Location: 11:00

A.I. 1 (Very Hard)

  • Race: Protoss Protoss
  • Spawn Location: 5:00

VOD

Have the link to the VOD?

Description

Time

  • Played on: Dec. 1, 2017, 10:17 p.m.
  • Length: 10:18
Show
View Real Time Build Order
Export as new Build Order

SamuraiFunn Protoss - Winner!

Build Orders:  

Get SALT Encoding   

  12  0:01  Probe  
  13  0:13  Probe  
  14  0:25  Pylon  
  14  0:31  Probe  
  15  0:43  Probe  
  16  0:52  Gateway  
  16  0:55  Probe  
  17  1:05  Assimilator  
  17  1:07  Probe  
  17  1:08  Pylon  
  18  1:19  Probe  
  19  1:31  Probe  
  19  1:32  Assimilator  
  20  1:34  Gateway  
  20  1:45  Cybernetics Core  
  20  1:48  Zealot  
  20  1:53  Probe  
  23  2:00  Pylon  
  23  2:12  Gateway, Probe  
  24  2:23  Stalker  
  24  2:24  Probe  
  24  2:25  Warp Gate (Chrono Boost)  
  27  2:39  Pylon  
  27  2:56  Stalker  
  29  2:58  Stalker  
  31  3:08  Gateway  
  31  3:14  Probe  
  32  3:37  Nexus  
  32  3:48  Probe  
  35  4:05  Pylon  
  33  4:11  Stalker x2  
  33  4:12  Stalker  
  39  4:25  Twilight Council  
  39  4:26  Pylon  
  39  4:27  Stalker  
  41  4:37  Stalker  
  43  4:40  Stalker  
  43  4:43  Probe  
  46  4:49  Probe  
  47  4:55  Probe  
  42  5:14  Stalker x2  
  42  5:15  Stalker  
  44  5:30  Stalker  
  44  5:33  Pylon  
  44  5:38  Probe  
  44  5:39  Probe  
  38  5:50  Stalker  
  38  5:51  Probe x2, Stalker  
  42  6:03  Probe  
  39  6:11  Stalker x2  
  41  6:31  Stalker  
  41  6:32  Stalker  
  39  6:47  Stalker  
  39  6:55  Stalker  
  41  7:07  Stalker x2  
  45  7:10  Probe x2  
  45  7:14  Stalker  
  45  7:17  Gateway  
  45  7:18  Gateway  
  45  7:22  Probe x2  
  47  7:24  Stalker  
  49  7:33  Stalker x2  
  53  7:52  Stalker  
  53  7:53  Stalker  
  53  7:58  Probe x2  
  59  8:10  Probe x2  
  61  8:17  Assimilator  
  61  8:19  Assimilator  
  61  8:20  Stalker  
  61  8:22  Probe x2  
  61  8:25  Pylon  
  63  8:28  Pylon  
  61  8:34  Probe x2  
  63  8:44  Stalker x4  
  71  9:28  Nexus  
  71  9:29  Stalker  
  71  9:30  Pylon, Stalker x2  
  75  9:32  Pylon  
  75  9:35  Assimilator  
  73  9:39  Assimilator  
  73  10:02  Stalker x5  
  73  10:03  Stalker  
Show
View Real Time Build Order
Export as new Build Order

A.I. 1 (Very Hard) Protoss 

Build Orders: Zealot Archon 

Get SALT Encoding   

  12  0:00  Probe  
  13  0:13  Probe  
  14  0:19  Pylon  
  14  0:25  Probe  
  15  0:38  Probe  
  15  0:40  Gateway  
  16  0:48  Assimilator  
  16  0:50  Probe  
  17  1:01  Pylon  
  17  1:02  Probe  
  18  1:14  Probe  
  19  1:26  Probe  
  19  1:27  Zealot  
  19  1:28  Cybernetics Core  
  22  1:38  Probe  
  23  1:50  Probe  
  24  2:02  Probe  
  24  2:05  Nexus  
  25  2:12  Warp Gate  
  25  2:14  Probe  
  26  2:22  Stalker  
  28  2:26  Probe  
  29  2:34  Pylon  
  29  2:38  Probe  
  30  2:46  Gateway  
  30  2:49  Assimilator  
  30  2:51  Probe  
  31  2:56  Adept  
  33  3:03  Probe  
  34  3:07  Pylon  
  34  3:15  Probe  
  34  3:17  Probe  
  36  3:23  Adept  
  38  3:27  Probe  
  38  3:29  Probe  
  38  3:31  Stargate  
  40  3:39  Probe, Adept  
  40  3:41  Probe  
  44  3:51  Probe, Adept  
  44  3:53  Probe  
  48  4:03  Probe  
  48  4:05  Probe  
  48  4:06  Stargate  
  50  4:15  Probe  
  51  4:17  Probe  
  51  4:18  Void Ray  
  51  4:21  Zealot  
  58  4:27  Probe  
  58  4:29  Probe, Pylon  
  60  4:32  Zealot  
  60  4:37  Pylon  
  62  4:47  Adept  
  62  4:48  Robotics Facility  
  62  4:57  Stalker  
  57  5:07  Zealot  
  51  5:20  Zealot  
  47  5:22  Gateway  
  47  5:25  Twilight Council  
  47  5:27  Adept  
  44  5:40  Stalker  
  44  5:47  Adept  
  43  6:00  Probe x2  
  43  6:03  Stalker  
  45  6:07  Zealot  
  45  6:12  Probe x2  
  45  6:16  Zealot  
  45  6:24  Probe x2  
  45  6:27  Adept  
  45  6:29  Assimilator  
  45  6:33  Templar Archives  
  45  6:34  Assimilator  
  45  6:36  Probe  
  46  6:40  Probe  
  46  6:41  Zealot  
  47  6:48  Probe, Zealot  
  47  6:53  Probe  
  49  7:00  Probe  
  48  7:03  Adept  
  48  7:05  Probe  
  49  7:10  Zealot  
  49  7:11  High Templar  
  49  7:12  Probe  
  50  7:17  Probe  
  49  7:24  Probe, Zealot  
  49  7:29  Probe  
  47  7:30  High Templar  
  47  7:36  Probe  
  46  7:41  Probe  
  46  7:42  Archon  
  46  7:43  High Templar  
  46  7:44  Zealot  
  48  7:48  Probe  
  44  7:53  Probe  
  36  8:01  Probe  
  36  8:02  Zealot  
  36  8:04  Stalker  
  36  8:05  Probe  
  36  8:14  Probe  
  36  8:15  Sentry  
  36  8:17  Probe  
  36  8:26  Probe  
  37  8:29  Probe  
  37  8:33  Zealot  
  35  8:38  Probe  
  35  8:39  High Templar  
  27  9:07  High Templar, Zealot  
  28  9:13  Adept  
  26  9:27  Zealot  
  28  9:34  Zealot  
  28  9:40  High Templar  
  22  9:47  Zealot  
  21  9:58  Probe, Zealot  
Tags
 
Composition
Zealot Archon
League
Platinum
Matchup
PvP
Replay Pack
First 100 games
Spawn Locations
Cross Positions
Add a new tag
Caveats
  • Supply blocks, unpowered buildings, or Contaminate may cause inaccurate times.
  • Supply counts are checked every 10 seconds.